 Dungeon Crawl Stone Soup version 0.28-a0-1613-gdaab1c2f9b (webtiles) character file.

Game seed: 17547904225884585113

2741 issech the Cudgeller (level 9, -13/89 HPs)
             Began as a Troll Fighter on Jan 21, 2022.
             Was a Believer of Dithmenos.
             Mangled by a two-headed ogre (24 damage)
             ... on level 6 of the Dungeon.
             The game lasted 00:34:19 (7342 turns).

issech the Cudgeller (Troll Fighter)                Turns: 7342, Time: 00:34:19

Health: -13/89     AC:  4    Str: 26    XL:     9   Next: 40%
Magic:  8/8        EV: 10    Int:  4    God:    Dithmenos [**....]
Gold:   290        SH: 10    Dex: 13    Spells: 8/8 levels left

rFire   + . .      SeeInvis .   a - +2 flail
rCold   + . .      Faith    .   c - +1 kite shield
rNeg    . . .      Spirit   .   b - +0 robe
rPois   .          Reflect  .   (helmet restricted)
rElec   .          Harm     .   F - scarf {rC+ rF+}
rCorr   +          Rampage  .   (gloves unavailable)
Will    .....                   (boots unavailable)
Stlth   ++........              (no amulet)
HPRegen 1.04/turn               k - ring of resist corrosion
MPRegen 0.11/turn               (no ring)

@: wreathed by umbra
A: large, unfitting armour, claws 3, regeneration 1, shaggy fur 1, tough skin 1
a: Renounce Religion, Shadow Step


You were on level 6 of the Dungeon.
You worshipped Dithmenos.
Dithmenos was pleased with you.
You visited 2 branches of the dungeon, and saw 8 of its levels.

You collected 290 gold pieces.

Inventory:

Hand Weapons
 a - a +2 flail (weapon)
 v - a +0 shortbow
 B - a +0 hunting sling
 H - a +1 dire flail of protection
 K - a +3 vorpal long sword
Missiles
 l - 135 bolts
 u - 160 arrows
 y - 92 stones (quivered)
 z - 28 sling bullets
 M - 11 poisoned darts
Armour
 b - a +0 robe (worn)
 c - a +1 kite shield (worn)
 F - a scarf of resistance (worn)
Magical Staves
 m - a staff of air
 q - a staff of earth
 J - a staff of fire
Jewellery
 k - a ring of resist corrosion (left claw)
Wands
 f - a wand of iceblast (6)
 i - a wand of paralysis (9)
 A - a wand of digging (2)
 D - a wand of acid (6)
 G - a wand of polymorph (2)
Scrolls
 d - a scroll of noise
 e - 2 scrolls of summoning
 g - a scroll of fog
 h - a scroll of blinking
 o - 4 scrolls of teleportation
 C - a scroll of magic mapping
 I - a scroll of enchant armour
Potions
 j - a potion of heal wounds {unknown}
 n - a potion of magic {unknown}
 p - 2 potions of brilliance
 r - a potion of attraction {unknown}
 s - 2 potions of invisibility
 t - 3 potions of flight
 w - a potion of lignification {unknown}
 x - 2 potions of berserk rage {unknown}
 L - a potion of curing {unknown}


   Skills:
 + Level 5.7 Fighting
 + Level 7.3 Maces & Flails
 + Level 0.9 Throwing
 + Level 5.2 Dodging
 + Level 1.0 Stealth
 + Level 5.0 Shields
 + Level 0.9 Unarmed Combat


You had 8 spell levels left.
You didn't know any spells.
Your spell library contained the following spells:

 Spells                   Type           Power      Damage    Failure   Level
 Foxfire                  Conj/Fire      0%         2x1d4     77%         1
 Shock                    Conj/Air       0%         1d3       77%         1
 Summon Small Mammal      Summ           0%         N/A       77%         1
 Sublimation of Blood     Necr           0%         N/A       88%         2
 Wereblood                Tmut           0%         N/A       88%         2
 Call Canine Familiar     Summ           0%         N/A       98%         3
 Conjure Flame            Conj/Fire      0%         6-21      98%         3
 Inner Flame              Hex/Fire       0%         N/A       98%         3
 Summon Guardian Golem    Hex/Summ       0%         N/A       98%         3
 Swiftness                Air            0%         N/A       98%         3
 Airstrike                Air            0%         N/A       100%        4
 Cause Fear               Hex            0%         N/A       100%        4
 Flame Wave               Conj/Fire      0%         2d4       100%        4
 Freezing Cloud           Conj/Ice/Air   0%         6-21      100%        5
 Simulacrum               Ice/Necr       0%         N/A       100%        6
 Malign Gateway           Summ/Tloc      0%         N/A       100%        7
 Orb of Destruction       Conj           0%         9d5       100%        7
 Summon Hydra             Summ           0%         N/A       100%        7
 Summon Horrible Things   Summ           0%         N/A       100%        8
 Fire Storm               Conj/Fire      0%         5d1       100%        9
 Polar Vortex             Ice            0%         N/A       100%        9


Dungeon Overview and Level Annotations

Branches:
Dungeon (7/15)             Temple (1/1) D:6

Altars:
Ashenzari
Dithmenos
Elyvilon
Fedhas
Gozag
Hepliaklqana
Kikubaaqudgha
Makhleb
Nemelex Xobeh
Okawaru
Qazlal
Ru
Sif Muna
Trog
Uskayaw
Vehumet
Wu Jian
Xom
Yredelemnul
Zin
The Shining One


Innate Abilities, Weirdness & Mutations

You are too large for most types of armour.
You have claws for hands.
Your natural rate of healing is unusually fast.
You are covered in fur. (AC +1)
You have tough skin. (AC +1)


Message History

You barely miss the two-headed ogre.
The two-headed ogre is lightly wounded.
The two-headed ogre completely misses you.
The two-headed ogre hits you with a +0 giant spiked club!!
You completely miss the two-headed ogre.
You block the two-headed ogre's attack. x2
The two-headed ogre barely misses you. You block the two-headed ogre's attack.
The two-headed ogre closely misses you.
The two-headed ogre hits you with a +0 giant spiked club!
Things that are here:
a +0 short sword; an orc corpse The two-headed ogre barely misses you.
The two-headed ogre hits you with a +0 giant spiked club!!
You hit the two-headed ogre.
The two-headed ogre is lightly wounded.
The two-headed ogre hits you with a +0 giant spiked club!
You block the two-headed ogre's attack.
You barely miss the two-headed ogre.
The two-headed ogre is lightly wounded.
You block the two-headed ogre's attack. x2
You block the two-headed ogre's attack.
The two-headed ogre hits you with a +0 giant spiked club!!
The two-headed ogre barely misses you. The two-headed ogre misses you.
There is a stone staircase leading up here.
The two-headed ogre misses you. You block the two-headed ogre's attack.
You climb upwards.
There is a stone staircase leading down here.
There is a stone staircase leading down here.
You thump the two-headed ogre!
The two-headed ogre is moderately wounded.
The two-headed ogre hits you with a +0 giant spiked club!! x2
You sock the two-headed ogre!
The two-headed ogre is heavily wounded.
The two-headed ogre barely misses you. You block the two-headed ogre's attack.
You hit the two-headed ogre but do no damage.
The two-headed ogre is heavily wounded.
The two-headed ogre hits you with a +0 giant spiked club!!
* * * LOW HITPOINT WARNING * * *
The two-headed ogre hits you with a +0 giant spiked club!!
You die...

#...####..# ######....#8.
##......#..##### ##...#..
.....##.#..#...# ###
#...#.. ....###.#......#
##.## #..©#.. ...##
#.#.##...# ##...#####...#..
..##
#.#.###.####..).........#..
.##
#...###.##........####..#8.
.# #...........##.##.#
#..##. .#
#.#####..O@...#...# #...##
.# #.# ####....#.### #.....
.# #.# #......# ##.... <#
#.# ###.###########.##
.######.# #.# #........#
........# ###.####.#####..#
..####### #.........# #..#
..# #.#.####..# #..# ..#
#.#.# #..# #..#


You could see a two-headed ogre.

Vanquished Creatures
  The ghost of hashsling the Thaumaturge, a novice DEWz (D:5)
  A wyvern (D:7)
  6 yaks (D:6)
  A steam dragon (D:6)
  Edmund (D:5)
  A water moccasin (D:6)
  A sky beast (D:6)
  A black bear (D:6)
  A necrophage (D:6)
  2 centaurs
  A water moccasin skeleton (D:4)
  A centaur zombie (D:6)
  A hound (D:7)
  A jelly (D:5)
  2 orc priests
  A bullfrog skeleton (D:6)
  6 iguanas
  2 hound skeletons (D:4)
  4 gnolls
  A howler monkey skeleton (D:6)
  2 adders
  4 shadow imps
  An adder skeleton (D:4)
  3 worms
  2 dart slugs
  12 orcs
  4 ball pythons
  2 bats (D:1)
  5 endoplasms
  4 giant cockroaches
  5 goblins
  8 hobgoblins
  9 jackals
  6 kobolds
  3 quokkas
  A frilled lizard (D:1)
  3 rats
110 creatures vanquished.

Vanquished Creatures (collateral kills)
  Ijyb (D:4)
  An orc (D:4)
2 creatures vanquished.

Grand Total: 112 creatures vanquished

Notes
Turn   | Place    | Note
-------+----------+-------------------------------------------
     0 | D:1      | issech the Troll Fighter began the quest for the Orb.
     0 | D:1      | Reached XP level 1. HP: 22/22 MP: 0/0
   114 | D:1      | Reached XP level 2. HP: 29/29 MP: 1/1
   128 | D:1      | Reached skill level 2 in Maces & Flails
   432 | D:1      | Found a faded altar of an unknown god.
   770 | D:2      | Reached XP level 3. HP: 36/36 MP: 2/2
   921 | D:2      | Found a shadowy altar of Dithmenos.
  1196 | D:2      | Became a worshipper of Dithmenos the Shadowed
  1565 | D:3      | Noticed a centaur
  1578 | D:3      | Killed a centaur
  1579 | D:3      | Reached skill level 3 in Maces & Flails
  1579 | D:3      | Reached XP level 4. HP: 33/44 MP: 3/3
  2146 | D:3      | Reached XP level 5. HP: 53/53 MP: 4/4
  2439 | D:4      | Noticed Ijyb
  2453 | D:4      | Killed Ijyb
  2570 | D:4      | Reached XP level 6. HP: 61/61 MP: 5/5
  3396 | D:4      | Reached * piety under Dithmenos
  3631 | D:5      | Entered Level 5 of the Dungeon
  3742 | D:4      | Reached skill level 4 in Maces & Flails
  3862 | D:5      | Noticed Edmund
  4031 | D:5      | Killed Edmund
  4032 | D:5      | Reached XP level 7. HP: 70/70 MP: 6/6
  4423 | D:6      | Found a staircase to the Ecumenical Temple.
  4466 | D:6      | Noticed a steam dragon
  4490 | D:6      | Killed a steam dragon
  4631 | D:6      | Reached skill level 5 in Maces & Flails
  4751 | D:6      | Noticed a yak
  4751 | D:6      | Noticed a yak
  4817 | D:6      | Killed a yak
  4818 | D:6      | Reached XP level 8. HP: 65/79 MP: 7/7
  4860 | D:6      | Found a transporter.
  4861 | D:6      | Found a transporter.
  4861 | D:6      | Noticed hashsling's ghost (novice DEWz)
  4960 | D:6      | Got the Grimoire of Bewitching Attacks
  5008 | D:6      | Reached skill level 1 in Stealth
  5042 | D:6      | Reached ** piety under Dithmenos
  5054 | D:6      | Reached skill level 5 in Fighting
  5054 | D:6      | Reached skill level 6 in Maces & Flails
  5123 | D:6      | Reached XP level 9. HP: 46/88 MP: 8/8
  5432 | D:6      | Reached skill level 7 in Maces & Flails
  6530 | D:5      | Killed hashsling's ghost
  6531 | D:5      | Reached skill level 5 in Dodging
  6747 | Temple   | Entered the Ecumenical Temple
  7036 | D:7      | Reached skill level 5 in Shields
  7246 | D:7      | Noticed a two-headed ogre
  7342 | D:6      | Mangled by a two-headed ogre

Illustrated notes

Levels and vault maps discovered:
D:1:      enne_arrival_octagon_isle, layout_basic,
          hellmonk_ecumenical_altar_pennies_from_heaven
D:2:      layout_basic, basic_altar
D:3:      kb_forest_paths, layout_loops_ring, minmay_misc_feat_encased,
          serial_park_tiny_1
D:4:      layout_basic, uniq_ijyb
D:5:      layout_basic, uniq_edmund
D:6:      layout_loops_ring, minmay_temple_entry_antechambers,
          gammafunk_ghost_arena, grunt_decor_one_mirror, minmay_misc_feat_iff,
          chequers_jeans
D:7:      layout_rooms, serial_glass, glass_columns_a, glass_columns_c,
          kennysheep_flooded_box
Temple:   kilobyte_greek_temple

Skill      XL: |  1  2  3  4  5  6  7  8  9 |
---------------+----------------------------+-----
Maces & Flails | 2 3 4 5 6 7 |  7.3
Dodging        | 3 4 5 |  5.2
Shields        | 3 4 5 |  5.0
Fighting       | 3 4 5 |  5.7
Stealth        | 1 |  1.0
Throwing       | |  0.9
Unarmed Combat | |  0.9

Action                   |  1- 3 |  4- 6 |  7- 9 || total
-------------------------+-------+-------+-------++-------
Melee: Flail             |    31 |   113 |   444 ||   588
       Whip              |   105 |    62 |       ||   167
       Unarmed           |       |    22 |     5 ||    27
Throw: Stone             |       |    11 |    11 ||    22
  Use: Scroll            |       |     7 |     7 ||    14
       Potion            |       |       |     2 ||     2
Armor: Robe              |    51 |    31 |   111 ||   193
       Skin              |       |     1 |       ||     1
Dodge: Dodged            |    57 |    75 |   219 ||   351
Block: Kite shield       |    49 |    58 |   235 ||   342

Table legend: (Time is in decaauts)
 A = Elapsed time spent in this place.
 B = Non-inter-level travel time spent in this place.
 C = Inter-level travel time spent in this place.
 D = Time resting spent in this place.
 E = Time spent auto-exploring this place.
 F = Levels seen in this place.
 G = Mean time per level.
                   A        B        C        D        E       F      G
               +--------+--------+--------+--------+--------+-----+--------+
         Total |   7663 |   7394 |    269 |    277 |   3106 |   8 |  957.9 |
       Dungeon |   7482 |   7213 |    269 |    277 |   2972 |   7 | 1068.9 |
        Temple |    181 |    181 |      0 |      0 |    134 |   1 |  181.0 |
               +--------+--------+--------+--------+--------+-----+--------+

Top non-repeatable levels by time:
     D:6: 2516 daAuts
     D:4: 1367 daAuts
     D:3: 958 daAuts
     D:5: 808 daAuts
     D:1: 758 daAuts
     D:2: 695 daAuts
     D:7: 378 daAuts
  Temple: 181 daAuts
